 Dungeon Crawl Stone Soup version 0.32-a0-7-ge934b4519a (webtiles) character file.

Game seed: 12981386451990830518

20741 anacleto the Mimic (level 12, -3/212 HPs)
             Began as a Troll Shapeshifter on Jan 14, 2024.
             Was an Elder of the Shining One.
             Slain by a shadow (9 damage)
             ... on level 13 of the Dungeon.
             The game lasted 00:34:31 (11961 turns).

anacleto the Mimic (Troll Shapeshifter)            Turns: 11961, Time: 00:34:32

Health: -3/212     AC:  9    Str: 40    XL:     12   Next: 48%
Magic:  13/13      EV: 11    Int:  6    God:    the Shining One [****..]
Gold:   320        SH:  0    Dex:  7    Spells: 11/11 levels left

rFire   + .          .
                       - Unarmed
rCold   . . .        G - melded +0 kite shield
rNeg    + + .        M - melded +0 troll leather armour
rPois   +            F - melded +2 hat
rElec   .            S - melded +2 cloak
rCorr   .            (gloves unavailable)
SInv    .            (boots unavailable)
Will    .....        m - amulet of regeneration Stlth
                     l - ring of protection from fire
HPRegen 2.15/turn    s - +6 ring of strength
MPRegen 0.13/turn

%: no passive effects
@: berserking (expiring), snake-form, glowing, very quick
A: constrict, boosted hp, large, unfitting armour, (claws 3), regeneration 1,
(shaggy fur 1), (tough skin 1), clumsy 1, deterioration 1
a: Begin Untransformation, Renounce Religion, Divine Shield, Cleansing Flame


You were on level 13 of the Dungeon.
You worshipped the Shining One.
The Shining One was greatly pleased with you.
You were an enormous serpent.
You visited 2 branches of the dungeon, and saw 14 of its levels.

You collected 620 gold pieces.
You spent 300 gold pieces at shops.

Inventory:

Missiles
 a - 10 atropa-tipped darts (quivered)
 h - 10 boomerangs
 j - 2 large rocks
 v - 18 poisoned darts
 H - 4 throwing nets
 R - 5 darts of dispersal
Armour
 F - a +2 hat (melded)
 G - a +0 kite shield (melded)
 M - a +0 troll leather armour (melded)
 S - a +2 cloak (melded)
Jewellery
 l - a ring of protection from fire (left hand)
 m - an amulet of regeneration (around neck)
 s - a +6 ring of strength (right hand)
Talismans
 c - a beast talisman
 d - a flux talisman
 I - a serpent talisman (active)
 P - a blade talisman
Wands
 o - a wand of mindburst (8)
 w - a wand of polymorph (5)
 K - a wand of charming (1)
 Q - a wand of acid (4)
 U - a wand of roots (2)
Scrolls
 e - a scroll of revelation
 f - 4 scrolls of fog
 i - 2 scrolls of poison
 n - 4 scrolls of teleportation
 q - 3 scrolls of blinking
 t - 2 scrolls of identify
 x - 2 scrolls of enchant armour {unknown}
 C - 2 scrolls of enchant weapon
 E - a scroll of vulnerability {unknown}
 O - a scroll of amnesia
 T - a scroll of brand weapon {unknown}
Potions
 b - 3 potions of lignification
 g - 2 potions of magic
 k - 2 potions of ambrosia
 p - 2 potions of mutation
 r - a potion of cancellation {unknown}
 u - 5 potions of curing {unknown}
 z - 2 potions of enlightenment {unknown}
 A - a potion of heal wounds {unknown}
 B - 3 potions of attraction {unknown}
 J - 2 potions of might {unknown}


   Skills:
 + Level 7.1 Fighting
 + Level 7.0 Throwing
 + Level 2.7 Armour
 + Level 7.0 Dodging
 + Level 3.0 Shields
 + Level 8.8 Unarmed Combat
 + Level 3.2 Invocations
 * Level 11.3 Shapeshifting


You had 11 spell levels left.
You didn't know any spells.
Your spell library contained the following spells:

 Spells                   Type           Power      Damage    Failure   Level
 Sting                    Conj/Alch      0%         1d3       45%         1
 Mercury Vapours          Alch/Air       0%         N/A       58%         2
 Fugue of the Fallen      Necr           0%         N/A       83%         3
 Ozocubu's Armour         Ice            0%         N/A       83%         3
 Manifold Assault         Tloc           0%         N/A       99%         4
 Olgreb's Toxic Radiance  Alch           0%         N/A       99%         4


Dungeon Overview and Level Annotations

Branches:
Dungeon (13/15)            Temple (1/1) D:4            Lair (0/5) D:11
    Orc (0/2) D:12
 Vaults: D:13-14

Altars:
Ashenzari
Cheibriados
Dithmenos
Elyvilon
Fedhas
Gozag
Hepliaklqana
Kikubaaqudgha
Makhleb
Nemelex Xobeh
Okawaru
Qazlal
Ru
Sif Muna
Trog
Uskayaw
Vehumet
Wu Jian
Xom
Yredelemnul
Zin
The Shining One

Shops:
D:5 =   D:8 (

Annotations:
D:3 1 runed translucent door, Crazy Yiuf


Innate Abilities, Weirdness & Mutations

You are an enormous serpent.
You have a powerful constriction melee attack.
Your maximum health is increased.
Your armour is entirely melded.
You are incapable of wielding weapons or throwing items.
You are too large for most types of armour.
((You have claws for hands.))
Your natural rate of healing is unusually fast.
((You are covered in fur. (AC +1)))
((You have tough skin. (AC +1)))
You are clumsy. (Dex -2)
Your body sometimes deteriorates upon taking damage.


Message History

You body-slam Rupert!!
Rupert is severely wounded.
You constrict Rupert. Rupert barely misses you. The shadow hits you.
You hit Rupert.
Rupert is severely wounded.
You constrict Rupert.
Rupert hits you with a +2 battleaxe of electrocution!!
* * * LOW HITPOINT WARNING * * *
You body-slam Rupert!!
Rupert is almost dead.
You constrict Rupert. The shadow barely misses you.
An acid dragon comes into view.
You completely miss Rupert.
Rupert is almost dead.
You constrict Rupert.
Rupert hits you with a +2 battleaxe of electrocution!!
* * * LOW HITPOINT WARNING * * *
You are electrocuted!!
* * * LOW HITPOINT WARNING * * *
You body-slam Rupert!!
Rupert is almost dead.
You constrict Rupert.
Rupert hits you with a +2 battleaxe of electrocution.
* * * LOW HITPOINT WARNING * * *
The shadow closely misses you. The acid dragon spits acid at you.
The splash of acid hits you!
* * * LOW HITPOINT WARNING * * *
You body-slam Rupert!!
You kill Rupert!
You feel your strength returning.
Your Throwing skill increases to level 7!
Your Shields skill increases to level 3!
Unknown command.
You are too berserk!
You hit the shadow but do no damage. The shadow closely misses you.
You body-slam the shadow!!
The shadow is almost destroyed.
The shadow hits you!
You die...

#........#........
#...###..#...>....
#...###..+........
#...#≈#..#########
#...#≈#...... ##
#....~....# #.
#....~....# #.
#.W..~....# #.
#S).#≈#...... #.
#...#≈##..... #.
#...#≈# ..... +.
#...### ...> #.
#.... ... #.
#..... .## #.
#<.D... #.
#....### #. #.


You could see an acid dragon and a shadow.

Vanquished Creatures
  Rupert (D:13)
  Gastronok (D:8)
  Harold (D:9)
  A two-headed ogre (D:9)
  Amaemon (D:8)
  An ugly thing (D:13)
  2 manticores (D:12)
  A deep elf pyromancer (D:12)
  A cyclops (D:11)
  An orange demon (D:8)
  2 gargoyles (D:12)
  A cane toad (shapeshifter) (D:13)
  4 kobold demonologists
  An unseen horror (D:11)
  4 trolls
  Grinder (D:3)
  Prince Ribbit (D:6)
  5 slime creatures (D:12)
  Sigmund (D:5)
  3 wraiths
  A wyvern (D:9)
  A water elemental (D:12)
  16 yaks
  A vampire (D:11)
  Eustachio (D:6)
  Grum (D:8)
  2 humans (D:7)
  An acid dragon (D:12)
  3 water moccasins
  Duvessa (D:6)
  An ice beast (D:6)
  3 orc warriors
  A sky beast (D:7)
  2 ogres
  3 black bears
  2 wolves (D:8)
  5 centaurs
  A phantom (D:5)
  2 kobold brigands (D:9)
  2 bullfrogs (D:11)
  2 gnoll sergeants
  4 scorpions
  17 wights
  Dowan (D:6)
  19 killer bees
  6 electric eels (D:12)
  4 crimson imps (D:4)
  7 howler monkeys
  A bombardier beetle (D:6)
  7 jellies
  4 orc priests
  A gnoll bouda (D:7)
  A sleepcap (D:7)
  Jessica (D:3)
  An iguana (D:4)
  13 orc wizards
  Robin (D:2)
  15 gnolls
  7 adders
  A shadow imp (D:5)
  A white imp (D:8)
  A ribbon worm (D:2)
  30 orcs
  6 ball pythons
  6 endoplasms
  5 giant cockroaches
  10 goblins
  8 hobgoblins
  4 jackals (D:5)
  5 quokkas
  6 bats
  4 frilled lizards
  20 kobolds
  8 rats
311 creatures vanquished.

Vanquished Creatures (collateral kills)
  2 kobolds (D:12)
2 creatures vanquished.

Vanquished Creatures (others)
  A troll (D:12)
  A kobold brigand (D:12)
  A kobold (D:12)
3 creatures vanquished.

Grand Total: 316 creatures vanquished

Notes
Turn   | Place    | Note
-------+----------+-------------------------------------------
     0 | D:1      | anacleto the Troll Shapeshifter began the quest for the
                  | Orb.
     0 | D:1      | Reached XP level 1. HP: 18/18 MP: 0/0
    21 | D:1      | Reached skill level 1 in Fighting
    21 | D:1      | Reached XP level 2. HP: 26/27 MP: 1/1
   574 | D:1      | Reached XP level 3. HP: 31/33 MP: 2/2
  1101 | D:2      | Reached XP level 4. HP: 41/41 MP: 3/3
  1261 | D:2      | Noticed Robin
  1277 | D:2      | Killed Robin
  1499 | D:3      | Reached skill level 4 in Shapeshifting
  1565 | D:3      | Found a bloodstained altar of Trog.
  1599 | D:3      | Noticed Grinder
  1599 | D:3      | Paralysed by Grinder for 5 turns
  1608 | D:3      | Paralysed by Grinder for 2 turns
  1615 | D:3      | Killed Grinder
  1616 | D:3      | Reached XP level 5. HP: 49/49 MP: 4/4
  1616 | D:3      | Reached XP level 6. HP: 57/57 MP: 5/5
  1740 | D:3      | Noticed Jessica
  1746 | D:3      | Killed Jessica
  2319 | D:3      | Found a runed translucent door.
  2320 | D:3      | Noticed Crazy Yiuf
  2494 | D:4      | Found a burning altar of Makhleb.
  2499 | D:4      | Identified the +2 robe of an ice cave {Str+3}
  2548 | D:4      | Reached skill level 5 in Shapeshifting
  2651 | D:4      | Found a staircase to the Ecumenical Temple.
  2677 | Temple   | Entered the Ecumenical Temple
  2699 | Temple   | Became a worshipper of the Shining One
  2888 | D:4      | Found a shimmering altar of Xom.
  2892 | D:4      | Reached XP level 7. HP: 66/66 MP: 6/6
  2902 | D:4      | Reached skill level 1 in Throwing
  2987 | D:5      | Entered Level 5 of the Dungeon
  3018 | D:5      | Found Wuvopn's Jewellery Boutique.
  3092 | D:5      | Found a hide-covered altar of Uskayaw.
  3116 | D:5      | Reached * piety under the Shining One
  3117 | D:5      | Reached XP level 8. HP: 75/75 MP: 7/7
  3119 | D:5      | Reached skill level 5 in Unarmed Combat
  3119 | D:5      | Reached skill level 6 in Shapeshifting
  3121 | D:5      | Noticed Sigmund
  3385 | D:5      | Found an ancient bone altar of Kikubaaqudgha.
  3408 | D:5      | Killed Sigmund
  3605 | D:6      | Noticed Duvessa
  3605 | D:6      | Noticed Dowan
  3750 | D:6      | Noticed Prince Ribbit
  3762 | D:6      | Killed Prince Ribbit
  3817 | D:6      | Noticed Eustachio
  3829 | D:6      | Killed Eustachio
  3830 | D:6      | Reached skill level 7 in Shapeshifting
  3896 | D:6      | Identified the +2 flail of the Gazing Asp {freeze, rF+ rC-
                  | rN+ Str+2}
  3900 | D:6      | Killed Duvessa
  3901 | D:6      | Reached XP level 9. HP: 84/84 MP: 8/8
  3912 | D:6      | Killed Dowan
  5186 | D:7      | Found an iron altar of Okawaru.
  5348 | D:7      | Reached skill level 8 in Shapeshifting
  5359 | D:7      | Reached ** piety under the Shining One
  5385 | D:7      | You fall into a shaft and drop 3 floors!
  5385 | D:10     | Entered Level 10 of the Dungeon
  5430 | D:9      | Found a shimmering blue altar of Sif Muna.
  5534 | D:9      | Reached skill level 5 in Dodging
  5624 | D:8      | Found a stormy altar of Qazlal.
  5660 | D:8      | Noticed Grum
  5678 | D:8      | Killed Grum
  5679 | D:8      | Reached skill level 5 in Fighting
  5833 | D:8      | Noticed Gastronok
  5859 | D:8      | Killed Gastronok
  5860 | D:8      | Reached XP level 10. HP: 56/96 MP: 9/9
  6025 | D:8      | Reached skill level 5 in Throwing
  6031 | D:8      | Reached skill level 9 in Shapeshifting
  6286 | D:5      | Bought a serpent talisman for 300 gold pieces
  6562 | D:8      | Noticed Amaemon
  6575 | D:8      | Killed Amaemon
  6608 | D:8      | Noticed an orange demon
  6871 | D:8      | Killed an orange demon
  6886 | D:8      | Found a blossoming altar of Fedhas.
  6951 | D:8      | Found a radiant altar of Vehumet.
  6989 | D:8      | Found Heguz's Weapon Shop.
  7377 | D:9      | Reached XP level 11. HP: 105/105 MP: 10/10
  7669 | D:9      | Noticed Harold
  7678 | D:9      | Killed Harold
  7679 | D:9      | Reached skill level 10 in Shapeshifting
  7762 | D:9      | Found a broken altar of Ashenzari.
  7825 | D:9      | Noticed a two-headed ogre
  7825 | D:9      | Reached *** piety under the Shining One
  7830 | D:9      | Killed a two-headed ogre
  8403 | D:10     | Reached skill level 1 in Invocations
  8906 | D:10     | Found a white marble altar of Elyvilon.
  9124 | D:11     | Found a staircase to the Lair.
  9150 | D:11     | Reached skill level 1 in Shields
  9171 | D:11     | Reached skill level 1 in Armour
 10409 | D:12     | Reached **** piety under the Shining One
 10883 | D:12     | Reached XP level 12. HP: 115/115 MP: 12/12
 11064 | D:12     | Found a staircase to the Orcish Mines.
 11078 | D:12     | Reached skill level 11 in Shapeshifting
 11204 | D:12     | Gained mutation: Your body sometimes deteriorates upon
                  | taking damage. [a neqoxec]
 11208 | D:12     | Gained mutation: You are clumsy. (Dex -2) [a neqoxec]
 11938 | D:13     | Noticed Rupert
 11958 | D:13     | HP: 2/212 [acid dragon/splash of acid (9)]
 11959 | D:13     | Killed Rupert
 11961 | D:13     | Slain by a shadow

Illustrated notes

Levels and vault maps discovered:
D:1:      tarquinn_simple_flora_water_d, layout_loops_cross
D:2:      layout_loops_ring, uniq_robin
D:3:      layout_loops_ring, mainiacjoe_overflow_alcove_4, uniq_jessica,
          uniq_grinder, uniq_crazy_yiuf_cottage
D:4:      layout_rooms, led_xom_imps, lemuel_crystal_altar,
          minmay_temple_entry_ruins
D:5:      layout_rooms, mainiacjoe_overflow_alcove_1,
          mainiacjoe_overflow_24_doors, serial_shops, shop, uniq_sigmund
D:6:      layout_loops_corners, chequers_avenue, uniq_eustachio, uniq_duvessa,
          uniq_prince_ribbit1
D:7:      layout_loops_ring, okawaru_humans
D:8:      layout_cave_pools, grunt_qazlal_sundering,
          mainiacjoe_overflow_large_starburst, serial_shops,
          nicolae_shop_bloodbath_and_beyond, amcnicky_mini_pool_small,
          minmay_liquid_box, kennysheep_generic_room_11, uniq_amaemon,
          uniq_erica, uniq_gastronok, uniq_grum
D:9:      layout_irregular_city, kennysheep_mini, hellmonk_sif_muna_bookshelves,
          uniq_harold
D:10:     layout_stronghold, mainiacjoe_overflow_chevrons
D:11:     layout_layer_cave, due_lair_maze_entry_diamond, minivault_4
D:12:     layout_basic, orc_0_dummy
D:13:     minmay_twisted_water, layout_stronghold, serial_rivers,
          chequers_serial_rivers_micro_a, chequers_serial_rivers_large_a,
          chequers_serial_rivers_small_b, chequers_serial_rivers_small_b,
          yredelemnul_forgotten_temple_becter, uniq_rupert
Temple:   hellmonk_temple_flake

Skill      XL: |  1  2  3  4  5  6  7  8  9 10 11 12 |
---------------+-------------------------------------+-----
Fighting       | 1 2 3 4 5 6 7 |  7.1
Dodging        | 2 3 4 5 6 7 |  7.0
Shapeshifting  | 4 5 7 8 9 10 11 | 11.3
Unarmed Combat | 4 5 6 7 8 |  8.8
Throwing       | 2 3 4 5 6 7 |  7.0
Invocations    | 2 3 |  3.2
Shields        | 2 3 |  3.0
Armour         | 1 2 |  2.7

Action                     |  1- 3 |  4- 6 |  7- 9 | 10-12 || total
---------------------------+-------+-------+-------+-------++-------
  Melee: Unarmed           |    76 |   139 |   190 |   325 ||   730
         Punch             |     1 |     1 |     6 |     3 ||    11
         Constrict         |       |       |       |    72 ||    72
  Throw: Boomerang         |       |       |    20 |       ||    20
         Dart              |       |       |    20 |       ||    20
 Invoke: Divine Shield     |       |       |     1 |     3 ||     4
Ability: Begin Untransform |       |       |       |     4 ||     4
  Evoke: Wand              |       |       |       |    35 ||    35
    Use: Scroll            |       |    11 |     2 |     1 ||    14
         Potion            |       |     1 |       |     1 ||     2
   Stab: Sleeping          |       |     1 |       |       ||     1
 Armour: Animal skin       |    56 |    72 |       |       ||   128
         Robe              |       |     9 |   143 |    32 ||   184
         Skin              |       |       |       |   272 ||   272
  Dodge: Dodged            |    40 |    84 |   102 |   183 ||   409
  Block: Other             |       |       |     1 |     1 ||     2
   Form: Serpent           |       |       |       |     3 ||     3
         Beast             |       |       |       |     1 ||     1

Table legend: (Time is in decaauts)
 A = Elapsed time spent in this place.
 B = Non-inter-level travel time spent in this place.
 C = Inter-level travel time spent in this place.
 D = Time resting spent in this place.
 E = Time spent auto-exploring this place.
 F = Levels seen in this place.
 G = Mean time per level.
                   A        B        C        D        E       F      G
               +--------+--------+--------+--------+--------+-----+--------+
         Total |  11931 |  11502 |    429 |   1630 |   6896 |  14 |  852.2 |
       Dungeon |  11897 |  11478 |    419 |   1630 |   6896 |  13 |  915.2 |
        Temple |     33 |     23 |     10 |      0 |      0 |   1 |   33.0 |
               +--------+--------+--------+--------+--------+-----+--------+

Top non-repeatable levels by time:
    D:11: 1493 daAuts
     D:7: 1126 daAuts
     D:6: 1100 daAuts
     D:8: 1052 daAuts
    D:10: 1041 daAuts
     D:9: 1029 daAuts
    D:12: 985 daAuts
     D:3: 943 daAuts
     D:1: 772 daAuts
     D:5: 705 daAuts
     D:2: 635 daAuts
     D:4: 597 daAuts
    D:13: 414 daAuts
  Temple: 33 daAuts
